 Dungeon Crawl Stone Soup version 0.18-a0-1800-gdc7a371 (webtiles) character file.

102473 drasked the Unseen (level 15, -3/63 HPs)
             Began as a Spriggan Enchanter on Apr 24, 2016.
             Was the Champion of Ashenzari.
             Slain by a five-headed hydra (13 damage)
             ... on level 4 of the Swamp.
             The game lasted 02:50:06 (32341 turns).

drasked the Unseen (Spriggan Enchanter)            Turns: 32341, Time: 02:50:07

Health: -3/63      AC:  9    Str:  6    XL:     15   Next: 86%
Magic:  24/37      EV: 28    Int: 28    God:    Ashenzari [******]
Gold:   1893       SH:  7    Dex: 17    Spells: 9 memorised, 12 levels left

rFire  + . .     SeeInvis +     a - +2 dagger (flame) (curse)
rCold  . . .     Gourm    .     b - +1 robe (curse)
rNeg   . . .     Faith    .     C - +2 buckler
rPois  +         Spirit   .     y - +1 hat {Int+3}
rElec  .         Dismiss  .     w - +0 cloak (curse)
rCorr  .         Reflect  .     (gloves unavailable)
SustAt .         Harm     .     (boots unavailable)
MR     ++...     Clarity  +     S - amulet of magic regeneration (curse)
Stlth  +++++++++.               E - ring "Tosufett" {rPois rF+ Int+4}
                                e - +4 ring of protection (curse)

@: very slightly contaminated, hasted (expiring), deflect missiles, very quick,
very resistant to hostile enchantments, incredibly stealthy
A: unfitting armour, see invisible, herbivore 3, speed 3, slow metabolism 2
a: Curse Item, Scrying, Transfer Knowledge, Renounce Religion


You were on level 4 of the Swamp.
You worshipped Ashenzari.
Ashenzari was exalted by your worship.
You were very full.

You visited 5 branches of the dungeon, and saw 30 of its levels.
You also visited: Ossuary.

You collected 2797 gold pieces.
You spent 904 gold pieces at shops.

Inventory:

Hand Weapons
 a - a cursed +2 dagger of flaming (weapon)
Armour
 b - a cursed +1 robe (worn)
 w - a cursed +0 cloak (worn)
   (You found it on level 1 of the Lair of Beasts)
 y - a +1 hat of intelligence (worn)
   (You took it off Gastronok on level 11 of the Dungeon)
 C - a +2 buckler (worn)
   (You found it on level 11 of the Dungeon)
 F - the +1 robe of Altruism {rElec rPois MP+9 Str+3}
   (You found it on level 15 of the Dungeon)

   It affects your strength (+3).
   It insulates you from electricity.
   It protects you from poison.
   It affects your magic capacity (+9).
Magical Staves
 Z - an uncursed staff of energy {@w1+MP, hungerless spells, !d!a}
   (You found it on level 3 of the Lair of Beasts)
Jewellery
 e - a cursed +4 ring of protection (left hand)
   (You found it on level 6 of the Lair of Beasts)
 E - the ring "Tosufett" (right hand) {rPois rF+ Int+4}
   (You bought it in a shop on level 12 of the Dungeon)

   [ring of poison resistance]

   It affects your intelligence (+4).
   It protects you from fire.
   It protects you from poison.
 S - a cursed amulet of magic regeneration (around neck)
   (You found it on level 9 of the Dungeon)
Wands
 p - a wand of lightning (12/15)
   (You found it on level 4 of the Dungeon)
 Q - a wand of digging (1/24)
   (You found it on level 3 of the Lair of Beasts)
 V - a wand of iceblast (8/15)
   (You found it on level 11 of the Dungeon)
 X - a wand of teleportation (3/9)
   (You found it on level 10 of the Dungeon)
Scrolls
 f - 3 scrolls of blinking {!r}
 g - 2 scrolls of silence
 h - 6 scrolls of enchant armour
 i - a scroll of fog
 o - 2 scrolls of recharging
 A - 4 scrolls of fear
 B - 7 scrolls of amnesia
 G - 3 scrolls of teleportation
 K - 3 scrolls of enchant weapon
 L - a scroll of remove curse
 P - a scroll of summoning
 W - 6 scrolls of identify
Potions
 j - 2 potions of haste
 k - a potion of resistance
 l - 5 potions of heal wounds
 m - 6 potions of might
 q - a potion of flight
 s - 2 potions of magic
 t - 11 potions of curing
 x - 4 potions of lignification {!q}
 I - a potion of beneficial mutation
 U - 4 potions of invisibility
Books
 c - a book of Maledictions
 n - a book of Alchemy
   (You found it on level 7 of the Lair of Beasts)
 r - a book of Transfigurations
   (You found it on level 5 of the Lair of Beasts)
 u - a book of Party Tricks
   (You found it on level 5 of the Lair of Beasts)
 v - a book of Clouds {@w0}
   (You found it on level 4 of the Lair of Beasts)
 M - the Almanac of Lucky Stones
   (You found it on level 8 of the Lair of Beasts)

   Spells                             Type                      Level
   a - Sandblast                      Earth                        1
   b - Stone Arrow                    Conjuration/Earth            3
   c - Iskenderun's Battlesphere      Conjuration/Charms           5
   d - Lee's Rapid Deconstruction     Earth                        5
   e - Haste                          Charms                       6
 N - a book of Callings
   (You found it on level 9 of the Dungeon)
 Y - a book of the Sky
   (You found it on level 10 of the Dungeon)
Comestibles
 d - 11 bread rations {@e1}
 z - a slice of pizza


   Skills:
 - Level 7.3(11.8) Short Blades
 - Level 9.8(12.6) Dodging
 - Level 17.6(20.0) Stealth
 * Level 17.3 Spellcasting
 - Level 8.3(11.3) Conjurations
 - Level 13.0(15.6) Hexes
 - Level 11.6(14.3) Charms
 + Level 6.4(9.5) Air Magic
 + Level 6.7(9.8) Poison Magic


You had 12 spell levels left.
You knew the following spells:

 Your Spells              Type           Power        Failure   Level  Hunger
a - Ensorcelled Hibernat  Hex/Ice        ######       1%          2    None
b - Tukima's Dance        Hex            #######.     1%          3    None
c - Confuse               Hex            #######.     1%          3    None
d - Invisibility          Hex            #######.     1%          6    ###....
e - Poisonous Cloud       Conj/Pois/Air  ######....   10%         6    ###....
f - Deflect Missiles      Chrm/Air       ######....   4%          6    ###....
g - Apportation           Tloc           ####......   2%          1    None
h - Haste                 Chrm           #######.     1%          6    ###....
x - Mephitic Cloud        Conj/Pois/Air  ######..     1%          3    None


Dungeon Overview and Level Annotations

Branches:
Dungeon (15/15)            Temple (1/1) D:4            Lair (8/8) D:10
  Swamp (4/4) Lair:4        Snake (0/4) Lair:4        Slime (0/6) Lair:8
    Orc (2/2) D:12            Elf (0/3) Orc:2        Vaults (0/5) D:13
 Depths (0/5) D:15

Altars:
Ashenzari
Cheibriados
Dithmenos
Elyvilon
Fedhas
Gozag
Kikubaaqudgha
Makhleb
Nemelex Xobeh
Okawaru
Pakellas
Qazlal
Ru
Sif Muna
Trog
Vehumet
Xom
Yredelemnul
Zin
The Shining One
Jiyva

Shops:
D:4 (   D:6 *   D:7 %%?   D:12 *   Orc:2 :((:(

Annotations:
Lair:4 exclusion: oklob plant
Swamp:3 exclusion: hydra


Innate Abilities, Weirdness & Mutations

You are tiny and cannot use many weapons and most armour.
You have supernaturally acute eyesight.
You are a herbivore.
You cover ground extremely quickly.
You need consume almost no food.


Message History

You hear a roar!
You see here a hydra corpse.
You enter the shallow water.
Moving in this stuff is going to be slow.
The swamp dragon breathes poison at you.
You deflect the blast of poison! The bog body casts a spell at you.
You resist with almost no effort.
The spriggan rider is engulfed in poison gas.
The spriggan rider is poisoned.
You hear a roar! x2
The spriggan rider is engulfed in poison gas.
The spriggan rider looks even sicker.
The bog body points at you and mumbles some strange words.
You deflect the bolt of cold!
The spriggan rider is engulfed in poison gas.
The spriggan rider looks even sicker.
The swamp dragon breathes poison at you.
The blast of poison misses you.
The spriggan rider is engulfed in poison gas.
The spriggan rider is poisoned.
You hear a roar! x3
The spriggan rider is engulfed in poison gas.
The spriggan rider looks even sicker.
The spriggan rider is engulfed in poison gas.
The spriggan rider looks even sicker.
You enter the shallow water.
Moving in this stuff is going to be slow.
You hear a splash. x2
You enter the shallow water.
Moving in this stuff is going to be slow.
You hear a splash.
Okay, then.
Okay, then.
Read which item? (? for menu, Esc to quit)
Okay, then.
You feel yourself speed up.
You are very lightly contaminated with residual magic.
You now have 31/37 mp.
You enter the shallow water.
Moving in this stuff is going to be slow.
Found a scroll of identify.
Found a stone staircase leading up.
The wasp dies!
An alligator comes into view.
The helpless alligator fails to defend itself.
You skewer the alligator like a kebab!!!!!
You burn the alligator!
You kill the alligator!
You enter the shallow water.
Moving in this stuff is going to be slow.
MP restored: 37 You enter the shallow water.
Moving in this stuff is going to be slow.
You enter the shallow water.
Moving in this stuff is going to be slow.
You enter the shallow water.
Moving in this stuff is going to be slow.
You start resting.
A wasp comes into view.
You regained 2 hp, and now have 17/63 hp.
A wasp is nearby!
You start resting.
A five-headed hydra comes into view.
The five-headed hydra roars!
Aim: a five-headed hydra (chance to defeat MR: 37%)
The five-headed hydra easily resists.
You now have 35/37 mp.
Aim: a five-headed hydra (chance to defeat MR: 37%)
The five-headed hydra easily resists.
You now have 33/37 mp.
Aim: a five-headed hydra (chance to defeat MR: 37%)
The five-headed hydra easily resists.
You now have 32/37 mp.
Your extra speed is starting to run out.
Aim: a five-headed hydra (chance to defeat MR: 37%)
The five-headed hydra easily resists.
You now have 30/37 mp.
Aim: a five-headed hydra (chance to defeat MR: 37%)
The five-headed hydra easily resists.
The five-headed hydra completely misses you.
You block the five-headed hydra's attack.
The five-headed hydra completely misses you. x3
You now have 29/37 mp.
Aim: a five-headed hydra (chance to defeat MR: 37%)
The five-headed hydra easily resists.
You now have 27/37 mp.
Aim: a five-headed hydra (chance to defeat MR: 37%)
The five-headed hydra easily resists.
The five-headed hydra misses you.
The five-headed hydra bites you but does no damage. x2
The five-headed hydra misses you. The five-headed hydra bites you!
* * * LOW HITPOINT WARNING * * *
You take 9 damage, and have 10/63 hp.
You now have 26/37 mp.
Aim: a five-headed hydra (chance to defeat MR: 37%)
The five-headed hydra easily resists.
The five-headed hydra completely misses you.
The five-headed hydra misses you.
The five-headed hydra closely misses you.
The five-headed hydra completely misses you.
The five-headed hydra bites you!
You die...

*♣* ♣≈≈≈≈.♣
§♣♣♣♣.{≈≈≈♣♣♣♣♣♣♣♣
♣♣♣.≈♣♣.≈≈≈≈♣y$y....
♣.(≈.♣ ♣.≈≈≈..≈≈≈≈≈≈
*≈≈.≈♣♣♣♣..§...≈≈≈≈.
*♣♣≈♣♣.......≈.≈≈≈.♣
♣♣≈.≈.≈≈≈≈≈≈..≈≈≈≈≈≈
♣≈.D.≈≈≈≈.≈≈..≈≈≈≈≈≈
♣♣♣@≈≈≈≈≈.♣♣♣♣♣♣♣.≈≈
♣≈≈≈≈≈≈≈...♣* ♣≈.≈≈
♣.≈≈≈≈..≈≈≈≈ ♣♣.≈≈
♣♣≈≈≈≈..≈§≈♣♣ ♣≈≈≈
♣≈≈≈.≈♣.≈.♣* ♣♣.. *
** ♣♣♣♣♣♣♣.≈≈.* ♣♣≈
* *≈ * *,≈≈≈≈* *♣♣ *
* ≈, * ≈ *,♣ ,≈≈* *
≈, * ** , ≈ ≈..


You could see a five-headed hydra.

Vanquished Creatures
  Rupert (D:15)
  Gastronok (D:11)
  Frances (D:14)
  Donald (Swamp:3)
  The ghost of Shenda the Peltast, a journeyman MiFi of Okawaru (D:14)
  Snorg (D:10)
  4 vault guards (D:13)
  Josephine (Orc:1)
  Fannar (D:10)
  A ghost crab (Swamp:4)
  11 hydras
  A centaur warrior (D:15)
  3 alligators
  An ogre mage (D:15)
  A tengu warrior (D:14)
  2 orc high priests (Orc:2)
  Urug (D:10)
  A vampire mage (D:15)
  A storm dragon zombie (D:15)
  2 unseen horrors
  2 wizards
  The ghost of M4edhros the Martial Artist, a novice OpNe of Cheibriados (D:10)
  A swamp dragon (Swamp:4)
  A necromancer (D:15)
  3 hill giants
  3 orc knights (Orc:2)
  2 cyclopes (D:15)
  A hornet (Swamp:3)
  6 ugly things (D:14)
  5 orc sorcerers
  3 deep elf magi
  7 slime creatures
  8 elephants
  An iron dragon skeleton (D:15)
  3 griffons
  A centaur zombie (D:13)
  2 black mambas
  13 spiny frogs
  A gargoyle (D:13)
  A torpor snail (Lair:5)
  5 rime drakes
  5 yaktaurs
  A tengu conjurer (D:13)
  6 komodo dragons
  5 trolls
  A merfolk (D:11)
  8 polar bears (Lair:8)
  5 blink frogs (Lair:8)
  3 giant leeches
  4 raiju (Lair:8)
  4 two-headed ogres
  A boulder beetle (Lair:5)
  A hornet zombie (D:15)
  A bog body (Swamp:1)
  2 shadows
  A spriggan (shapeshifter) (D:14)
  A deep troll skeleton (D:15)
  A deep troll zombie (D:15)
  10 wraiths
  44 yaks
  A spriggan (Lair:8)
  8 wyverns
  A steam dragon (D:12)
  A basilisk (shapeshifter) (D:13)
  A fire elemental (D:15)
  A human (D:13)
  4 hungry ghosts
  11 hippogriffs
  4 basilisks
  10 vampire mosquitoes
  A mottled dragon (D:12)
  Menkaure (D:5)
  Edmund (D:5)
  A naga (Lair:4)
  11 wargs
  7 swamp worms
  7 water moccasins
  8 hell hounds
  2 soldier ants
  10 porcupines
  A hornet simulacrum (D:15)
  22 orc warriors
  A swamp drake (Swamp:4)
  13 black bears (Lair:8)
  11 ice beasts
  2 sky beasts
  An eye of draining (D:13)
  12 ogres
  2 wasps
  27 wolves
  8 centaurs
  15 crocodiles
  2 big kobolds
  A wyvern zombie (D:10)
  19 giant frogs
  Blork the orc (D:5)
  5 scorpions
  A wyvern skeleton (D:7)
  11 killer bees
  4 wights
  4 howler monkeys
  9 electric eels
  5 crimson imps
  A wasp zombie (D:7)
  2 giant frog zombies
  4 jellies
  2 quasits
  A human zombie (Ossuary)
  19 orc priests
  6 centaur skeletons
  23 hounds
  4 giant frog skeletons
  5 iguanas
  10 worker ants
  21 orc wizards
  A killer bee zombie (D:8)
  24 sheep
  A big kobold zombie (Ossuary)
  A hound zombie (Ossuary)
  A hound skeleton (D:8)
  4 mummies (Ossuary)
  A worker ant zombie (D:7)
  A howler monkey skeleton (D:4)
  5 gnolls
  18 adders
  30 river rats
  3 shadow imps
  An adder skeleton (D:7)
  An adder zombie (D:9)
  5 worms
  2 dart slugs
  2 giant geckos
  79 orcs
  A giant cockroach (D:2)
  A gnoll zombie (Ossuary)
  6 goblins
  6 hobgoblins
  17 jackals
  19 kobolds
  5 quokkas
  A ball python (D:1)
  11 bats
  12 giant newts
  A goblin zombie (Ossuary)
  A hobgoblin zombie (Ossuary)
  3 kobold zombies (Ossuary)
  2 orc zombies (Ossuary)
  A quokka skeleton (D:8)
  A quokka zombie (D:6)
  27 rats
  A rat zombie (Ossuary)
  A plant (Lair:2)
874 creatures vanquished.

Vanquished Creatures (collateral kills)
  An orc warlord (Orc:2)
  A vault guard (D:13)
  A tengu warrior (D:15)
  An orc high priest (Orc:2)
  A skeletal warrior (D:15)
  2 hill giants
  2 orc knights (Orc:2)
  A manticore (D:12)
  A gargoyle (D:12)
  A troll (Orc:2)
  A harpy zombie (D:15)
  3 two-headed ogres
  A water elemental (D:12)
  An orc warrior (Orc:2)
  5 ogres
  4 wights
  An orc priest (Orc:2)
  4 orc wizards
  4 gnolls
  7 orcs
  A giant cockroach (D:6)
  12 kobolds
56 creatures vanquished.

Vanquished Creatures (others)
  Azrael (D:15)
  A skeletal warrior (D:15)
  2 spriggans (Swamp:4)
  12 dancing weapons
  2 vampire mosquitoes (D:15)
  2 wasps (Swamp:4)
  A fungus (Lair:5)
  11 plants
  7 withered plants (D:15)
39 creatures vanquished.

Grand Total: 969 creatures vanquished

Notes
Turn   | Place    | Note
--------------------------------------------------------------
     0 | D:1      | drasked the Spriggan Enchanter began the quest for the Orb.
     0 | D:1      | Reached XP level 1. HP: 9/9 MP: 5/5
    63 | D:1      | HP: 2/9 [hobgoblin/club (7)]
   263 | D:1      | Reached skill level 3 in Spellcasting
   573 | D:1      | Reached XP level 2. HP: 11/13 MP: 7/7
   577 | D:1      | Learned a level 2 spell: Ensorcelled Hibernation
  1125 | D:1      | Reached skill level 4 in Spellcasting
  1395 | D:2      | Reached XP level 3. HP: 16/16 MP: 2/10
  1631 | D:2      | Reached skill level 5 in Spellcasting
  1774 | D:2      | Reached XP level 4. HP: 16/21 MP: 8/12
  1779 | D:2      | Learned a level 3 spell: Confuse
  1909 | D:2      | Found a deep blue altar of Sif Muna.
  2396 | D:2      | Found a snail-covered altar of Cheibriados.
  2399 | D:2      | Found a shadowy altar of Dithmenos.
  2400 | D:2      | Found a white marble altar of Elyvilon.
  2400 | D:2      | Found an iron altar of Okawaru.
  2406 | D:2      | Reached skill level 6 in Spellcasting
  2505 | D:3      | Noticed a giant frog
  2531 | D:3      | Killed a giant frog
  2531 | D:3      | Reached XP level 5. HP: 21/24 MP: 8/15
  2737 | D:3      | Found a burning altar of Makhleb.
  3122 | D:4      | Reached skill level 5 in Stealth
  3186 | D:4      | Found a staircase to the Ecumenical Temple.
  3207 | D:4      | Reached skill level 2 in Short Blades
  3328 | Temple   | Entered the Ecumenical Temple
  3369 | Temple   | Became a worshipper of Ashenzari the Shackled
  3489 | D:4      | Reached XP level 6. HP: 16/28 MP: 8/16
  4004 | D:4      | Reached skill level 6 in Stealth
  4050 | D:4      | Found Vanipe's Weapon Emporium.
  4062 | D:4      | Reached skill level 3 in Short Blades
  4209 | D:5      | Entered Level 5 of the Dungeon
  4216 | D:5      | Reached skill level 7 in Stealth
  4220 | D:5      | Reached skill level 4 in Short Blades
  4229 | D:5      | Reached XP level 7. HP: 32/32 MP: 11/18
  4247 | D:5      | Noticed Blork the orc
  4254 | D:5      | Killed Blork the orc
  4342 | D:5      | Noticed Menkaure
  4635 | D:5      | Noticed Edmund
  4642 | D:5      | Killed Edmund
  4642 | D:5      | Reached skill level 8 in Stealth
  4642 | D:5      | Reached skill level 7 in Spellcasting
  4642 | D:5      | Reached skill level 4 in Hexes
  4942 | D:5      | HP: 5/32 [centaur (5)]
  4944 | D:5      | Reached skill level 9 in Stealth
  5226 | D:5      | Found an opulent altar of Gozag.
  5638 | D:5      | Reached skill level 5 in Hexes
  5664 | D:5      | HP: 8/32 [gnoll/spear of chaos (11)]
  5669 | D:5      | HP: 4/32 [poisoned by a gnoll]
  5815 | D:5      | Reached XP level 8. HP: 34/36 MP: 14/19
  5820 | D:5      | Learned a level 3 spell: Tukima's Dance
  5880 | D:5      | Killed Menkaure
  5880 | D:5      | Reached skill level 10 in Stealth
  5963 | D:5      | Found a shimmering altar of Xom.
  6028 | D:6      | Found an oddly glowing altar of Pakellas.
  6183 | D:6      | Reached skill level 11 in Stealth
  6400 | D:6      | Reached skill level 6 in Hexes
  6597 | D:6      | Found Burel's General Store.
  6608 | D:6      | Bought a scroll of identify for 22 gold pieces
  6608 | D:6      | Bought a scroll of identify for 22 gold pieces
  6608 | D:6      | Bought a potion of curing for 33 gold pieces
  7033 | D:6      | Reached skill level 12 in Stealth
  7258 | D:7      | Reached skill level 7 in Hexes
  7586 | D:7      | Reached XP level 9. HP: 26/39 MP: 3/20
  7828 | D:7      | Found Haova's Food Boutique.
  7845 | D:7      | Found Cenaem's Food Boutique.
  7849 | D:7      | Found Ceocwof's Magic Scroll Shoppe.
  7853 | D:7      | Reached skill level 13 in Stealth
  7881 | D:7      | Reached * piety under Ashenzari
  8014 | D:7      | Bought a scroll of enchant armour for 97 gold pieces
  8014 | D:7      | Bought a scroll of identify for 26 gold pieces
  8014 | D:7      | Bought a scroll of identify for 26 gold pieces
  8035 | D:7      | Noticed a troll
  8039 | D:7      | Killed a troll
  8390 | D:7      | Reached skill level 14 in Stealth
  8390 | D:7      | Reached skill level 8 in Hexes
  8710 | D:8      | Found a sand-covered staircase.
  8715 | Ossuary  | Entered an ossuary
  9386 | D:8      | Reached skill level 15 in Stealth
  9692 | D:8      | Reached skill level 9 in Hexes
 10283 | D:9      | Reached XP level 10. HP: 44/44 MP: 21/21
 10304 | D:9      | Reached skill level 16 in Stealth
 11193 | D:9      | Reached ** piety under Ashenzari
 11369 | D:9      | Found a glowing golden altar of the Shining One.
 11567 | D:10     | Entered Level 10 of the Dungeon
 11806 | D:10     | Reached skill level 8 in Spellcasting
 11989 | D:10     | Reached skill level 10 in Hexes
 12010 | D:10     | Noticed Fannar
 12016 | D:10     | Found a staircase to the Lair.
 12199 | D:10     | Killed Fannar
 12199 | D:10     | Reached skill level 9 in Spellcasting
 12309 | D:10     | Reached skill level 11 in Hexes
 12341 | D:10     | Noticed an unseen horror
 12350 | D:10     | Killed an unseen horror
 12350 | D:10     | Reached skill level 10 in Spellcasting
 12512 | D:10     | Noticed Urug
 12515 | D:10     | Killed Urug
 12515 | D:10     | Reached XP level 11. HP: 47/47 MP: 26/26
 12548 | D:10     | Noticed Snorg
 12558 | D:10     | Noticed M4edhros's ghost (novice OpNe)
 12564 | D:10     | HP: 9/47 [Snorg (8)]
 13025 | D:10     | Killed M4edhros's ghost
 13025 | D:10     | Reached skill level 12 in Hexes
 13348 | D:10     | Killed Snorg
 13350 | D:10     | Reached skill level 13 in Hexes
 13366 | Lair:1   | Entered Level 1 of the Lair of Beasts
 13366 | Lair:1   | Noticed an eight-headed hydra
 13372 | Lair:1   | Killed an eight-headed hydra
 13448 | Lair:1   | Reached skill level 4 in Dodging
 14498 | Lair:2   | Reached skill level 5 in Short Blades
 14499 | Lair:2   | HP: 3/47 [yak (16)]
 14822 | Lair:1   | Reached skill level 5 in Dodging
 15357 | Lair:2   | Reached skill level 6 in Dodging
 15566 | Lair:2   | Reached *** piety under Ashenzari
 15642 | Lair:2   | Reached skill level 6 in Short Blades
 15649 | Lair:2   | HP: 8/47 [yak (6)]
 16207 | Lair:3   | Reached skill level 7 in Dodging
 16207 | Lair:3   | Reached skill level 17 in Stealth
 16618 | Lair:3   | Reached XP level 12. HP: 42/51 MP: 21/27
 16624 | Lair:3   | Reached skill level 8 in Dodging
 16724 | Lair:3   | Reached skill level 7 in Short Blades
 17056 | Lair:4   | Found a staircase to the Snake Pit.
 17057 | Lair:4   | Identified the +1 scale mail "Oclaj" {MP+9 Stlth+}
 17181 | Lair:4   | Learned a level 3 spell: Mephitic Cloud
 17335 | Lair:4   | Reached skill level 1 in Air Magic
 17335 | Lair:4   | Reached skill level 1 in Poison Magic
 17340 | Lair:4   | Reached skill level 1 in Conjurations
 17389 | Lair:4   | Reached **** piety under Ashenzari
 17399 | Lair:4   | Reached skill level 2 in Poison Magic
 17470 | Lair:4   | Reached skill level 2 in Air Magic
 17692 | Lair:4   | Found a staircase to the Swamp.
 17848 | Lair:4   | Reached skill level 2 in Conjurations
 18259 | Lair:5   | Reached skill level 3 in Air Magic
 18259 | Lair:5   | Reached skill level 3 in Poison Magic
 18444 | Lair:5   | Reached skill level 3 in Conjurations
 18864 | Lair:5   | Reached skill level 4 in Conjurations
 19379 | Lair:5   | Learned a level 6 spell: Invisibility
 19682 | Lair:6   | Reached skill level 5 in Conjurations
 19830 | Lair:6   | Reached skill level 6 in Conjurations
 20041 | Lair:6   | Reached XP level 13. HP: 45/55 MP: 28/28
 20847 | Lair:7   | Reached ***** piety under Ashenzari
 21409 | Lair:7   | Reached skill level 7 in Conjurations
 21627 | Lair:8   | Entered Level 8 of the Lair of Beasts
 21631 | Lair:8   | Reached skill level 4 in Air Magic
 21634 | Lair:8   | Reached skill level 4 in Poison Magic
 21919 | Lair:8   | Reached skill level 5 in Air Magic
 21980 | Lair:8   | Found a viscous altar of Jiyva.
 21980 | Lair:8   | Found a staircase to the Slime Pits.
 22033 | Lair:8   | Reached skill level 5 in Poison Magic
 22344 | Lair:8   | Reached skill level 8 in Conjurations
 22353 | Lair:8   | Reached skill level 6 in Poison Magic
 22462 | Lair:8   | Reached skill level 6 in Air Magic
 22535 | Lair:8   | Identified the Almanac of Lucky Stones
 22598 | Lair:8   | Learned a level 6 spell: Poisonous Cloud
 23116 | D:11     | Reached XP level 14. HP: 59/59 MP: 29/29
 23432 | D:11     | Reached skill level 9 in Dodging
 23449 | D:11     | Noticed Gastronok
 23605 | D:11     | Killed Gastronok
 23605 | D:11     | Reached skill level 11 in Spellcasting
 24058 | D:12     | Found a staircase to the Orcish Mines.
 24131 | D:12     | Identified the +9 long sword of the Crawling Thing {antimagic, rC- Str+4 Int+4}
 24595 | D:12     | Found Wumaph's Serpentskin Sales.
 24609 | D:12     | Bought the ring "Tosufett" {rPois rF+ Int+4} for 678 gold pieces
 24998 | D:12     | Learned a level 6 spell: Haste
 25151 | D:13     | Reached skill level 1 in Charms
 25258 | D:13     | Reached skill level 12 in Spellcasting
 25295 | D:13     | Reached skill level 2 in Charms
 25422 | D:13     | Reached skill level 3 in Charms
 25426 | D:13     | Found a gate to the Vaults.
 25605 | D:13     | Reached skill level 4 in Charms
 25871 | D:13     | Reached ****** piety under Ashenzari
 25958 | D:13     | Found a blossoming altar of Fedhas.
 26094 | D:13     | Reached skill level 13 in Spellcasting
 26214 | D:14     | Noticed Shenda's ghost (journeyman MiFi)
 26237 | D:14     | Killed Shenda's ghost
 26237 | D:14     | Reached skill level 5 in Charms
 26361 | D:14     | Noticed Frances
 26543 | D:14     | Killed Frances
 26543 | D:14     | Reached skill level 6 in Charms
 26887 | D:14     | Reached skill level 14 in Spellcasting
 26999 | D:15     | Entered Level 15 of the Dungeon
 27045 | D:15     | Found a staircase to the Depths.
 27078 | D:15     | Reached skill level 7 in Charms
 27189 | D:15     | Noticed Azrael
 27428 | D:15     | Noticed Rupert
 27566 | D:15     | Killed Azrael
 27623 | D:15     | Killed Rupert
 27623 | D:15     | Reached skill level 8 in Charms
 27623 | D:15     | Reached XP level 15. HP: 41/63 MP: 22/34
 27821 | D:15     | Reached skill level 15 in Spellcasting
 28211 | D:15     | Reached skill level 9 in Charms
 28636 | D:15     | Identified the +1 robe of Altruism {rElec rPois MP+9 Str+3}
 29003 | Orc:1    | Entered Level 1 of the Orcish Mines
 29179 | Orc:1    | Noticed Josephine
 29186 | Orc:1    | Killed Josephine
 29934 | Orc:2    | Entered Level 2 of the Orcish Mines
 29934 | Orc:2    | Found a staircase to the Elven Halls.
 29934 | Orc:2    | Found Mynlisoj's Antique Weapon Emporium.
 30047 | Orc:2    | Found a frozen archway.
 30081 | Orc:2    | Noticed an orc warlord
 30095 | Orc:2    | Reached skill level 10 in Charms
 30118 | Orc:2    | Killed an orc warlord
 30382 | Orc:2    | Reached skill level 16 in Spellcasting
 30963 | Orc:2    | Found Lisep's Book Boutique.
 30963 | Orc:2    | Found Biolel's Weapon Emporium.
 30994 | Orc:2    | Found Car Pem's Weapon Boutique.
 30994 | Orc:2    | Found Kicuw's Book Emporium.
 31479 | Swamp:1  | Entered Level 1 of the Swamp
 31587 | Swamp:2  | Learned a level 1 spell: Apportation
 31655 | Swamp:3  | Noticed Donald
 31664 | Swamp:3  | Killed Donald
 31664 | Swamp:3  | Reached skill level 11 in Charms
 31757 | Swamp:3  | Learned a level 6 spell: Deflect Missiles
 32019 | Swamp:4  | Entered Level 4 of the Swamp
 32031 | Swamp:4  | Reached skill level 17 in Spellcasting
 32255 | Swamp:4  | HP: 9/63 [bog body (23)]
 32340 | Swamp:4  | HP: 10/63 [five-headed hydra (9)]
 32341 | Swamp:4  | Slain by a five-headed hydra

Vault maps used:
D:1:      nicolae_arrival_memento_mori
D:2:      grunt_temple_overflow_open, led_sif_pool, minmay_rat_hole
D:3:      bloody_makhleb, first_bread, wad_floor_pattern_untrapped
D:4:      temple_fountains, serial_shops, nicolae_shop_behind_doors
D:5:      tgw_xom, minmay_misc_feat_rows, nicolae_gozag_seed_capital,
          uniq_blork_the_orc, uniq_edmund, uniq_menkaure
D:6:      serial_shops, shop_fountains, grunt_pakellas_sulfur
D:7:      kennysheep_kobold_camp, serial_shops, nicolae_shop_waterfront,
          shop_coins, kennysheep_mini
D:8:      nicolae_ossuary_entry_false_entrances
D:9:      nicolae_tso_swordbearing_angel
D:10:     erik_lair_island, uniq_fannar, uniq_urug, uniq_snorg
D:11:     hangedman_fish_farm, uniq_gastronok
D:12:     orc_0_dummy, st_stairs_3, minmay_misc_feat_columns,
          guppyfry_shop_venom
D:13:     grunt_vaults_entry_fortified, fedhas_altar_fruit_tree
D:14:     minmay_staircase_bubble, minmay_strange_pillars, uniq_frances
D:15:     gammafunk_depths_entry_grave, grunt_decor_one_mirror,
          minmay_misc_feat_doors, uniq_azrael, uniq_rupert
Temple:   minmay_freezing_vapour_temple_12
Lair:1:   infiniplex_staircase_pool_2
Lair:2:   grunt_megastairs_4
Lair:4:   nicolae_swamp_entry_splash_gauntlet, guppyfry_snake_entry_island,
          serial_bayou_pond_b, grunt_megastairs_1
Lair:5:   lemuel_fruit_fields
Lair:6:   beast_lair_carwin_8
Lair:8:   hangedman_lair_caniforms_friends, dpeg_slime_entry_enclosed_altar,
          st_stairs_11, nicolae_quartered_pool_super,
          grunt_forest_large_clearing_hut
Swamp:1:  nicolae_swamp_round_clearing
Swamp:2:  evilmike_swamp_ruin_house_1
Swamp:3:  evilmike_swamp_ruin_house_4, uniq_donald
Swamp:4:  swamp_alternative
Orc:1:    amalloy_card_club, uniq_josephine
Orc:2:    grunt_orc_tribal_feast, serial_shops, shop,
          portal_ice_cave_entry_ice_beasts
Ossuary:  ossuary_minmay_tomb_2a

Skill      XL: |  1  2  3  4  5  6  7  8  9 10 11 12 13 14 15 |
---------------+----------------------------------------------+-----
Spellcasting   | 3 4 5 6 7 10 14 17 | 17.3
Stealth        | 5 7 9 12 15 16 17 | 17.6
Short Blades   | 2 4 6 7 |  7.3
Hexes          | 5 7 9 11 13 | 13.0
Dodging        | 7 8 9 |  9.8
Air Magic      | 3 6 |  6.4
Poison Magic   | 3 6 |  6.7
Conjurations   | 6 8 |  8.3
Charms         | 8 11 | 11.6

Action                   |  1- 3 |  4- 6 |  7- 9 | 10-12 | 13-15 || total
-------------------------+-------+-------+-------+-------+-------++-------
Melee: Dagger            |    88 |   143 |   285 |   325 |   793 ||  1634
 Cast: Ensorcelled Hiber |    18 |    38 |    85 |   216 |   279 ||   636
       Confuse           |       |     4 |    32 |    50 |   143 ||   229
       Tukima's Dance    |       |       |    13 |    18 |    42 ||    73
       Mephitic Cloud    |       |       |       |       |    50 ||    50
       Poisonous Cloud   |       |       |       |       |    49 ||    49
       Invisibility      |       |       |       |       |     3 ||     3
       Haste             |       |       |       |       |     2 ||     2
       Deflect Missiles  |       |       |       |       |     1 ||     1
Invok: Curse Item        |       |       |       |     5 |     1 ||     6
Evoke: Wand              |       |       |       |       |     4 ||     4
  Use: Scroll            |       |     5 |    11 |    13 |     6 ||    35
       Potion            |       |       |     1 |       |       ||     1
 Stab: Sleeping          |    21 |    40 |    91 |   165 |   233 ||   550
       Distracted        |     1 |       |     5 |     2 |     4 ||    12
       Confused          |       |     2 |    19 |    29 |   100 ||   150
       Invisible         |       |       |       |       |    18 ||    18
  Eat: Bread ration      |       |     1 |       |       |     2 ||     3
       Fruit             |       |       |     6 |     5 |     9 ||    20
       Pizza             |       |       |     1 |     3 |     1 ||     5
       Royal jelly       |       |       |       |       |     2 ||     2
Armor: Robe              |    13 |    16 |    12 |    16 |    47 ||   104
Dodge: Dodged            |    76 |   112 |   189 |   192 |   572 ||  1141
       Deflected         |       |       |       |       |     4 ||     4
Block: Buckler           |       |       |       |       |    97 ||    97

Vault maps used:
D:1:      nicolae_arrival_memento_mori
D:2:      grunt_temple_overflow_open, led_sif_pool, minmay_rat_hole
D:3:      bloody_makhleb, first_bread, wad_floor_pattern_untrapped
D:4:      temple_fountains, serial_shops, nicolae_shop_behind_doors
D:5:      tgw_xom, minmay_misc_feat_rows, nicolae_gozag_seed_capital,
          uniq_blork_the_orc, uniq_edmund, uniq_menkaure
D:6:      serial_shops, shop_fountains, grunt_pakellas_sulfur
D:7:      kennysheep_kobold_camp, serial_shops, nicolae_shop_waterfront,
          shop_coins, kennysheep_mini
D:8:      nicolae_ossuary_entry_false_entrances
D:9:      nicolae_tso_swordbearing_angel
D:10:     erik_lair_island, uniq_fannar, uniq_urug, uniq_snorg
D:11:     hangedman_fish_farm, uniq_gastronok
D:12:     orc_0_dummy, st_stairs_3, minmay_misc_feat_columns,
          guppyfry_shop_venom
D:13:     grunt_vaults_entry_fortified, fedhas_altar_fruit_tree
D:14:     minmay_staircase_bubble, minmay_strange_pillars, uniq_frances
D:15:     gammafunk_depths_entry_grave, grunt_decor_one_mirror,
          minmay_misc_feat_doors, uniq_azrael, uniq_rupert
Temple:   minmay_freezing_vapour_temple_12
Lair:1:   infiniplex_staircase_pool_2
Lair:2:   grunt_megastairs_4
Lair:4:   nicolae_swamp_entry_splash_gauntlet, guppyfry_snake_entry_island,
          serial_bayou_pond_b, grunt_megastairs_1
Lair:5:   lemuel_fruit_fields
Lair:6:   beast_lair_carwin_8
Lair:8:   hangedman_lair_caniforms_friends, dpeg_slime_entry_enclosed_altar,
          st_stairs_11, nicolae_quartered_pool_super,
          grunt_forest_large_clearing_hut
Swamp:1:  nicolae_swamp_round_clearing
Swamp:2:  evilmike_swamp_ruin_house_1
Swamp:3:  evilmike_swamp_ruin_house_4, uniq_donald
Swamp:4:  swamp_alternative
Orc:1:    amalloy_card_club, uniq_josephine
Orc:2:    grunt_orc_tribal_feast, serial_shops, shop,
          portal_ice_cave_entry_ice_beasts
Ossuary:  ossuary_minmay_tomb_2a

Table legend:
 A = Turns spent in this place as a percentage of turns spent in the entire game.
 B = Non-inter-level travel turns spent in this place as a percentage of non-inter-level travel turns spent in the entire game.
 C = Inter-level travel turns spent in this place as a percentage of turns spent in this place.
 D = Turns resting spent in this place as a percentage of non-inter-level travel turns spent in this place.
 E = Turns spent auto-exploring this place as a percentage of non-inter-level travel turns spent in this place.
 F = Non-inter-level travel turns spent in this place divided by the number of levels of this place that you've seen.
                   A       B       C       D       E      F
               +-------+-------+-------+-------+-------+----------------------
         Total | 100.0 | 100.0 |   0.4 |   2.5 |   7.6 | 359.9
       Dungeon |  56.9 |  56.9 |   0.5 |   2.8 |   7.5 | 423.0
        Temple |   0.6 |   0.6 |   0.0 |   0.0 |   0.0 |  68.0
          Lair |  24.5 |  24.5 |   0.5 |   1.8 |   8.6 | 341.2
         Swamp |   4.7 |   4.7 |   0.8 |   2.7 |   5.0 | 130.5
  Orcish Mines |  10.8 |  10.8 |   0.2 |   2.5 |   8.9 | 602.0
       Ossuary |   2.6 |   2.6 |   0.0 |   2.8 |   2.8 | 288.0
               +-------+-------+-------+-------+-------+----------------------

Table legend:
 A = Kills in this place as a percentage of kills in entire the game.
 B = Kills by you in this place as a percentage of kills by you in the entire game.
 C = Kills by friends in this place as a percentage of kills by friends in the entire game.
 D = Other kills in this place as a percentage of other kills in the entire game.
 E = Experience gained in this place as a percentage of experience gained in the entire game.
 F = Experience gained in this place divided by the number of levels of this place that you have seen.
                   A       B       C       D       E      F
               +-------+-------+-------+-------+-------+----------------------
         Total | 100.0 | 100.0 | 100.0 | 100.0 | 100.0 | 4722.3
       Dungeon |  51.2 |  49.4 |  71.4 |  68.2 |  43.2 | 4219.5
          Lair |  31.0 |  33.6 |   0.0 |   9.1 |  34.4 | 6299.8
         Swamp |   2.9 |   3.1 |   0.0 |   4.5 |  10.1 | 3702.2
  Orcish Mines |  13.2 |  12.2 |  28.6 |  13.6 |  12.1 | 8862.5
       Ossuary |   1.7 |   1.8 |   0.0 |   4.5 |   0.1 | 166.0
               +-------+-------+-------+-------+-------+----------------------
